AoeStats
← IsraDguez

MegaRandom

505556980Analyzed
4v4 RM · 24d ago on Sep 10, 2026· 54m 30s· 8 players
Game mode
Random Map
Map size
Large (8 player)
Population
200
Speed
Normal
Resources
Standard
Victory
Conquest
Starting age
Dark Age
Ending age
Imperial Age
RankedLock teamsTeams togetherTeam positionsShared explorationLock speedFull tech treeHidden civsTurbo modeCheats
Victory
Defeat
🇹🇷 Britons · Türkiye
1050
+13
🇨🇴 Spanish · Colombia
1046
+14
🇺🇸 Burgundians · United States
1018
+15
🇪🇸 Teutons · Spain
952
+17
🇲🇽 Georgians · Mexico
1090
-19
🇲🇽 Franks · Mexico
1054
-17
🇲🇽 Japanese · Mexico
953
-13
🇺🇸 Romans · United States
860
-10
Caballo Loco
4:31 Loom
11:59 Feudal Age
13:49 Wheelbarrow
13:03 Double-Bit Axe
16:22 Town Watch
20:44 Fletching
24:52 Castle Age
23:11 Stone Mining
23:40 Gold Mining
25:36 Forging
27:04 Horse Collar
29:44 Heavy Plow
32:23 Bow Saw
33:23 Iron Casting
32:54 Scale Barding Armor
35:09 Bloodlines
37:05 Scale Mail Armor
37:10 Squires
39:16 Chain Mail Armor
43:57 Imperial Age
43:08 Chain Barding Armor
42:44 Bodkin Arrow
43:21 Hand Cart
43:06 Town Patrol
44:17 Cavalier
45:45 Conscription
44:46 Elite Teutonic Knight
46:36 Blast Furnace
46:12 Plate Barding Armor
46:08 Plate Mail Armor
46:37 Crop Rotation
47:29 Paladin
51:32 Ironclad
54:09 Capped Ram
hargir
2:07 Loom
12:26 Feudal Age
16:32 Castle Age
15:05 Double-Bit Axe
26:53 Bow Saw
30:47 Horse Collar
33:57 Imperial Age
33:16 Forging
38:42 Imperial Age
37:05 Wheelbarrow
38:57 Iron Casting
39:32 Hand Cart
39:25 Scale Barding Armor
38:55 Capped Ram
41:56 Chain Barding Armor
42:37 Blast Furnace
41:17 Siege Ram
42:04 Town Watch
43:08 Conscription
43:48 Plate Barding Armor
44:44 Gold Mining
47:16 Husbandry
49:20 Cavalier
50:06 Town Patrol
50:47 Paladin
moonmichael
7:04 Wheelbarrow
11:58 Loom
13:49 Feudal Age
15:20 Hand Cart
14:53 Horse Collar
18:59 Heavy Plow
21:03 Castle Age
19:01 Gold Mining
20:59 Gold Shaft Mining
20:58 Forging
20:54 Scale Barding Armor
21:03 Double-Bit Axe
22:11 Cavalier
24:20 Husbandry
28:28 Pikeman
34:28 Iron Casting
34:14 Chain Barding Armor
43:13 Imperial Age
42:53 Stone Mining
44:56 Blast Furnace
44:31 Plate Barding Armor
43:20 Paladin
45:05 Chemistry
44:26 Ballistics
53:07 Conscription
52:58 Burgundian Vineyards
Eskiçeri
5:22 Loom
12:55 Feudal Age
17:47 Man-at-Arms
21:08 Castle Age
36:44 Wheelbarrow
36:05 Double-Bit Axe
36:08 Horse Collar
38:54 Murder Holes
46:04 Padded Archer Armor
45:55 Fletching
51:37 Imperial Age
50:20 Ballistics
51:43 Hand Cart
52:28 Leather Archer Armor
52:08 Bodkin Arrow
52:26 Forging
53:48 Yeomen
RodMe27
3:52 Loom
10:49 Feudal Age
20:34 Castle Age
22:25 Scale Mail Armor
23:04 Pikeman
24:30 Squires
27:25 Double-Bit Axe
27:36 Gold Mining
30:08 Forging
IsraDguez
7:01 Loom
12:04 Feudal Age
17:24 Castle Age
23:54 Husbandry
26:58 Wheelbarrow
27:27 Scale Barding Armor
27:36 Gold Mining
32:32 Chain Barding Armor
36:45 Imperial Age
34:49 Forging
36:45 Iron Casting
38:40 Blast Furnace
38:06 Cavalier
39:31 Hand Cart
42:15 Paladin
47:01 Plate Barding Armor
47:15 Light Cavalry
sergiogl100
0:39 Loom
11:55 Feudal Age
13:32 Man-at-Arms
17:03 Double-Bit Axe
25:44 Castle Age
23:51 Fletching
26:36 Pikeman
28:36 Forging
43:01 Imperial Age
45:41 Wheelbarrow
45:33 Ballistics
48:53 Elite Samurai
King Dario II
8:48 Loom
12:32 Feudal Age
12:35 Man-at-Arms
13:03 Arson
20:58 Double-Bit Axe
22:16 Horse Collar
22:28 Gold Mining
23:36 Stone Mining
28:34 Castle Age
27:14 Forging
27:04 Scale Mail Armor
29:04 Pikeman
29:47 Long Swordsman
30:31 Gambesons
31:25 Iron Casting
31:51 Wheelbarrow
31:45 Chain Mail Armor
39:08 Imperial Age
38:00 Bow Saw
44:39 Scale Barding Armor
46:49 Heavy Plow
Connection lost

Rejoining the realm…

Still unreachable

The connection could not be restored.

Session expired

The server has moved on; the page needs a fresh start.